← All builds
Geo sea / Cortex / Economy first / OBSERVED BUILD

Standard geo sea

The role's default economy-first play: bot lab then shipyard in the cove, quick frigate/submarine/destroyer navy to contest sea and hold the coast, transitioning into whatever the sea fight needs.

Usually shipyard in the cove (98%)

#naval #eco · 897 distinct matches · 97 players · 83% of Cortex Geo sea games · team won 52% of 1005 · Recently observed

HOW TO PLAY IT

Key timing: Shipyard by 3:18

  1. Open 3 mex, wind and solar, then Bot Lab.
  2. Get a BP and costal torpedo launcher up before the Shipyard.
  3. Put up Shipyard once you can defend it.
  4. Push out "submarine" and "frigate" to contest the sea.
  5. Add geothermal to fund the fleet transition into "destroyer", "missile corvette".

Phase by phase

TYPICAL OF ITS 897 GAMES
  1. 1
  2. 2
  3. 3
  4. 4
PLAY THE OPENING

Follow the example game's first 6:00 step by step: what to build now, what comes next, and where it goes. At 1× it keeps pace with your own game.

  1. 1

    Up to the Bot Lab

    Economy
    • Metal Extractor3Mex
    • Wind Turbine3Wind
    Order
    1. Bot LabBot Lab after 3 mex, 3 winddone ~1:12, middle half 1:06–1:26

    Some games also: wind for allies (49%)

    By 0:55 in all: 3 mex · 3 wind

    The example game in this phase · 4 steps
    1. Mex ×3
    2. Windfor Air
    3. Wind ×2
    4. Bot LabBot Labdone 1:04 · typical 1:12
  2. 2

    Bot Lab to Shipyard

    Economy
    • Metal Extractor1Mex
    • Wind Turbine2Wind
    Order
    1. ShipyardShipyard after 4 mex, 5 wind, 1 energy storagedone ~3:17, middle half 3:03–3:33
    Builders
    • Construction Bot3 Con bot
    • Graverobber2 Graverobber
    Army
    • Grunt1 Grunt

    Some games also: con turret (47%) · trasher (39%) · energy storage (34%) · wind for allies (33%)

    By 2:52 in all: 4 mex · 5 wind · 1 energy storage

    The example game in this phase · 14 steps
    1. Windfor Air
    2. GraverobberGraverobber
    3. Wind ×3
    4. GraverobberGraverobber
    5. Wind ×2
    6. GraverobberGraverobber
    7. Construction BotCon bot
    8. Wind
    9. Construction BotCon bot
    10. Con turret
    11. TrasherTrasher
    12. Energy storage
    13. TrasherTrasher
    14. ShipyardShipyarddone 3:23 · typical 3:17
  3. 3

    Shipyard to 5:00

    Economy
    • Metal Extractor4Mex
    Builders
    • Construction Ship1 Con ship
    Army
    • Riptide2 Frigate
    • Orca1 Submarine
    Other
    • Radar Tower1 Radar Tower

    Some games also: Guard (50%) · wind (48%) · missile corvette (47%) · destroyer (46%) · gunboat (41%)

    By 5:00 in all: 8 mex · 6 wind · 1 energy storage · 1 con turret

    The example game in this phase · 20 steps
    1. GraverobberGraverobber
    2. GruntGrunt
    3. Mex
    4. Radar TowerRadar Tower
    5. Construction ShipCon ship
    6. Mex ×2
    7. GuardGuard
    8. Converter
    9. SupporterGunboat
    10. Mex
    11. SupporterGunboat
    12. Converter
    13. SupporterGunboat
    14. GuardGuard
    15. SupporterGunboat ×2
    16. Mex
    17. HerringMissile corvette
    18. OrcaSubmarinedone 4:52 · typical 4:19
    19. Radar TowerRadar Tower
    20. OrcaSubmarine
  4. 4

    5:00 to 10:00

    Economy
    • Metal Extractor2Mex
    • Wind Turbine8Wind
    • Energy Converter1Converter
    Builders
    • Construction Turret1 Con turret
    • Death Cavalry2 Death Cavalry
    • Construction Ship1 Con ship
    Army
    • Guard2 Guard
    • Riptide5 Frigate
    • Herring2 Missile corvette
    Other
    • Naval Radar / Sonar Tower2 Naval Radar / Sonar Tower

    Some games also: geo (48%) · Thistle (42%) · submarine (33%)

    By 10:00 in all: 10 mex · 15 wind · 1 geo · 4 converter · 1 energy storage · 2 con turret

    The example game in this phase · 113 steps
    1. Mex
    2. Naval Radar / Sonar TowerNaval Radar / Sonar Tower
    3. RiptideFrigate ×2done 5:41 · typical 4:35
    4. Geothermal PowerplantGeodone 8:28 · typical 8:00
    5. RiptideFrigate
    6. Mex ×2
    7. Radar TowerRadar Tower
    8. Construction ShipCon ship
    9. ThistleThistle ×2
    10. RiptideFrigate
    11. GuardGuard
    12. Advanced Metal ExtractorT2 mexdone 8:20 · typical 9:22
    13. OppressorDestroyerdone 8:09 · typical 5:51
    14. GuardGuard ×4
    15. Death CavalryDeath Cavalry
    16. Advanced Metal ExtractorT2 mex
    17. Naval Radar / Sonar TowerNaval Radar / Sonar Tower
    18. Con turret
    19. Construction ShipCon ship
    20. Mex
    21. SupporterGunboat ×5
    22. HerringMissile corvette
    23. Naval Radar / Sonar TowerNaval Radar / Sonar Tower
    24. OrcaSubmarine
    25. Advanced Metal ExtractorT2 mex
    26. Con turret
    27. UrchinUrchin
    28. OrcaSubmarine
    29. RiptideFrigate ×2
    30. Naval Radar / Sonar TowerNaval Radar / Sonar Tower
    31. RiptideFrigate ×2
    32. OppressorDestroyer
    33. Con turret
    34. Death CavalryDeath Cavalry
    35. Converter
    36. Advanced Metal ExtractorT2 mex
    37. Converter
    38. Construction ShipCon ship
    39. Converter
    40. SupporterGunboat
    41. Converter
    42. SupporterGunboat ×2
    43. Converter
    44. Con turret
    45. SupporterGunboat
    46. Converter
    47. SupporterGunboat
    48. Converter
    49. HerringMissile corvette
    50. Converter
    51. OrcaSubmarine
    52. Con turret
    53. Wind ×2
    54. Con turret
    55. Wind
    56. OrcaSubmarine
    57. Wind
    58. Advanced Metal ExtractorT2 mex
    59. Con turret
    60. Tidal
    61. Wind ×3
    62. RiptideFrigate
    63. Con turret
    64. Wind
    65. Tidal
    66. Advanced Metal ExtractorT2 mex
    67. Wind ×2
    68. Tidal
    69. RiptideFrigate
    70. Tidal
    71. Wind
    72. RiptideFrigate
    73. Wind
    74. Tidal
    75. RiptideFrigate
    76. Tidal
    77. Wind
    78. OppressorDestroyer
    79. Wind
    80. Tidal ×2
    81. Wind
    82. Tidal
    83. Wind
    84. Tidal
    85. Wind
    86. Tidal
    87. Death CavalryDeath Cavalry
    88. Tidal
    89. Wind
    90. Tidal
    91. Construction ShipCon ship
    92. Wind
    93. Advanced ShipyardAdvanced Shipyarddone 14:35
    94. Wind
    95. SupporterGunboat
    96. Tidal
    97. Wind ×3
    98. SupporterGunboat
    99. Tidal
    100. Wind ×2
    101. Tidal
    102. Wind ×3
    103. Advanced Construction SubAdvanced Construction Sub
    104. Tidal
    105. Wind ×2
    106. Tidal
    107. Wind ×2
    108. PathfinderPathfinder
    109. Wind ×2
    110. Tidal
    111. Con turret
    112. Wind
    113. PathfinderPathfinder

Counts are medians over the build's games: half of them build more, half fewer. The example game is RitualMurder's (37 OS, 19/09/2026); pick another.

Team trades

IN AT LEAST 30% OF ITS GAMES

You hand over

  • Wind Turbine2 Wind to Airfirst at 1:47 · in 73% of games

You get

  • Finch1 Finch from Airfirst at 1:51 · in 82% of games
  • Hercules1 Light transport from Airfirst at 2:00 · in 75% of games
  • Advanced Construction Bot1 T2 con bot from Techfirst at 7:44 · in 89% of games

How it plays out

Typical game of this build, running totals by minute

Metal produced

010k20k30k
0:005:0010:0015:00

metal

Enemy metal destroyed

05k10k
0:005:0010:0015:00

metal

Own metal lost

02.5k5k7.5k
0:005:0010:0015:00

metal

1005 games.

Show as table
ByMetal produced: This buildEnemy metal destroyed: This buildOwn metal lost: This build
1:0039700
2:0092800
3:00157100
4:002914051
5:00411013052
6:005467440232
7:006953931547
8:0086241570891
9:001051024401344
10:001264436272050
11:001523749202921
12:001815364203827
13:002150674134511
14:002505786485441
15:002879297896342
WHAT THE NUMBERS SAY

Standard Cortex geo sea sits at an even 50% win rate, trading a slower start for a big resource lead by 15:00.

  • + Metal produced hits 28451 by 15:00, well above both front roles
  • + Own metal lost stays far below enemy metal destroyed at every checkpoint
  • − Only 50% team win rate, the lowest of these six builds
  • − T2 factory only completes in 40% of games by 12:53
THE EXAMPLE YOU ARE READING

RitualMurder

36.9 OS · 19/09/2026

Open source match ↗

5 received units · includes a constructor
1900 metal received · 62539 energy received

Allied construction assistance is unknown. Timings are observations, not a promise of solo reproducibility.

Typical milestones

Bot Lab1:12Middle 50%: 1:06–1:26 · n=999
Shipyard3:17Middle 50%: 3:03–3:33 · n=1000
Orca4:19Middle 50%: 3:53–4:59 · n=686
Riptide4:35Middle 50%: 4:08–5:20 · n=977
Oppressor5:51Middle 50%: 5:08–6:32 · n=912
Geothermal Powerplant8:00Middle 50%: 7:01–8:58 · n=605
Advanced Metal Extractor9:22Middle 50%: 8:45–10:10 · n=861

Played most by

sirniho119games of this buildOptimusprimenutt78games of this buildSHOGVN74games of this buildPRO_Rerory46games of this buildhihimik41games of this build